 Dungeon Crawl Stone Soup version 0.21.1-1-g345015f (webtiles) character file.

354 shakethe the Shield-Bearer (level 6, -11/46 HPs)
             Began as a Formicid Warper on Feb 7, 2018.
             Was an Initiate of Cheibriados.
             Mangled by an ogre
             ... wielding a cursed -3 giant spiked club
              (21 damage)
             ... on level 4 of the Dungeon on Feb 8, 2018.
             The game lasted 00:19:02 (4728 turns).

shakethe the Shield-Bearer (Formicid Warper)        Turns: 4728, Time: 00:19:03

Health: -11/46     AC:  3    Str: 17    XL:     6   Next: 94%
Magic:  9/9        EV: 12    Int: 13    God:    Cheibriados [......]
Gold:   243        SH:  7    Dex: 13    Spells: 7/9 levels left

rFire    . . .     SeeInvis +   w - +0 war axe
rCold    . . .     Gourm    .   u - +2 buckler
rNeg     . . .     Faith    .   b - +0 leather armour
rPois    .         Spirit   .   (helmet unavailable)
rElec    .         Reflect  .   (no cloak)
rCorr    .         Harm     .   (no gloves)
MR       .....                  (no boots)
Stlth    +.........             (no amulet)
HPRegen  0.15/turn              (no ring)
MPRegen  0.11/turn              (no ring)

@: very slow
A: permanent stasis, dig shafts and tunnels, four strong arms, antennae 3
a: Dig, Shaft Self, Bend Time, Renounce Religion


You were on level 4 of the Dungeon.
You worshipped Cheibriados.
Cheibriados was noncommittal.
You were very hungry.

You visited 1 branch of the dungeon, and saw 4 of its levels.

You collected 243 gold pieces.

Inventory:

Hand Weapons
 a - a +0 hand axe
 w - a +0 war axe (weapon)
Armour
 b - a +0 leather armour (worn)
 j - a +0 chain mail
 u - a +2 buckler (worn)
Scrolls
 d - a scroll of blinking
 e - 2 scrolls of noise {unknown}
 g - 7 scrolls of identify {unknown}
 i - a scroll of random uselessness {unknown}
 k - a scroll of fog {unknown}
 p - 2 scrolls of remove curse {unknown}
 q - 2 scrolls of enchant armour {unknown}
 t - a scroll of fear {unknown}
Potions
 m - a potion of flight {unknown}
 n - a potion of brilliance {unknown}
 o - 2 potions of curing {unknown}
 r - a potion of mutation {unknown}
 s - a potion of lignification {unknown}
Books
 c - a book of Spatial Translocations

   Spells                             Type                      Level
   a - Blink                          Translocation                2
   b - Shroud of Golubria             Charms/Translocation         2
   c - Lesser Beckoning               Translocation                3
   d - Gell's Gravitas                Translocation                3
   e - Teleport Other                 Translocation                3
   f - Passage of Golubria            Translocation                4
Comestibles
 f - 7 rations


   Skills:
 - Level 2.8 Fighting
 - Level 4.0 Axes
 - Level 1.1 Throwing
 - Level 2.3 Armour
 - Level 2.5 Dodging
 - Level 1.2 Stealth
 * Level 4.2 Shields
 - Level 2.4 Spellcasting
 - Level 2.7 Translocations


You had 7 spell levels left.
You knew the following spells:

 Your Spells              Type           Power        Failure   Level  Hunger
a - Shroud of Golubria    Chrm/Tloc      #.........   24%         2    ###....


Dungeon Overview and Level Annotations

Branches:
Dungeon (4/15)
 Temple: D:4-7

Altars:
Cheibriados
The Shining One


Innate Abilities, Weirdness & Mutations

You cannot be hasted, slowed, berserked, paralysed or teleported.
You can dig through walls and to a lower floor.
Your four strong arms can wield two-handed weapons with a shield.
You have a pair of large antennae on your head. (SInv)


Message History

The ogre barely misses you.
Okay, then.
The ogre misses you. The ogre misses you. You block the ogre's attack.
You block the ogre's attack.
As you read the scroll labeled VATAFE YHIYC, it crumbles to dust.
You feel a strange sense of stasis.
It was a scroll of teleportation.
As you read the scroll labeled QERISTREAGEDD, it crumbles to dust.
The creatures around you are filled with an inner flame!
It was a scroll of immolation.
The ogre hits you with a giant spiked club!
The ogre hits you with a giant spiked club.
* * * LOW HITPOINT WARNING * * *
Unknown command.
The orc shouts!
The ogre hits you with a giant spiked club.
* * * LOW HITPOINT WARNING * * *
The ogre hits you with a giant spiked club!!
You die...

# #...#############
#...............#####
#...#########.......#
###########....[..#.#
## #............#.# .#
#.####.......#.# .# #.#
###...###.# .## #.#
#.Oo# #.# ..# #.# ##@##
#.# #.# #.# #.# #.# #.#
#.# #.# #.###
#.######.#######.#
#...#
#................#
#...#
########.##.#..###
#...#
######.#.##...######.##
#.......###......# #.#
#.####.#.##...##.# #.#


You could see an ogre (inner flame) and an orc.

Vanquished Creatures
  A scorpion (D:4)
  A howler monkey (D:3)
  A hound (D:4)
  2 orc priests (D:4)
  A bullfrog skeleton (D:4)
  Jessica (D:2)
  A howler monkey skeleton (D:4)
  3 adders
  An adder skeleton (D:4)
  2 worms (D:3)
  3 dart slugs
  A leopard gecko (D:2)
  2 orcs
  4 giant cockroaches
  7 goblins
  10 hobgoblins
  5 quokkas
  3 ball pythons
  7 bats
  3 frilled lizards
  7 kobolds
  8 rats
74 creatures vanquished.

Notes
Turn   | Place    | Note
-------+----------+-------------------------------------------
     0 | D:1      | shakethe the Formicid Warper began the quest for the Orb.
     0 | D:1      | Reached XP level 1. HP: 16/16 MP: 3/3
   113 | D:1      | Reached XP level 2. HP: 12/22 MP: 5/5
   625 | D:1      | Reached XP level 3. HP: 23/28 MP: 6/6
  1305 | D:2      | Reached XP level 4. HP: 27/34 MP: 7/7
  1515 | D:2      | Noticed Jessica
  1545 | D:2      | Killed Jessica
  1679 | D:2      | Found a glowing golden altar of the Shining One.
  2259 | D:2      | Learned a level 2 spell: Shroud of Golubria
  2347 | D:3      | Reached XP level 5. HP: 26/39 MP: 3/8
  2962 | D:3      | Found a faded altar of an unknown god.
  3719 | D:4      | Reached skill level 1 in Stealth
  3828 | D:4      | Found a snail-covered altar of Cheibriados.
  3836 | D:4      | Became a worshipper of Cheibriados the Contemplative
  3869 | D:4      | Noticed an ogre
  3878 | D:4      | Reached XP level 6. HP: 41/46 MP: 9/9
  4728 | D:4      | Mangled by an ogre

Skill      XL: |  1  2  3  4  5  6 |
---------------+-------------------+-----
Dodging        | 2 |  2.5
Axes           | 3 4 |  4.0
Armour         | 2 |  2.3
Stealth        | 1 |  1.2
Shields        | 4 |  4.2
Fighting       | |  2.8
Throwing       | |  1.1
Spellcasting   | |  2.4
Translocations | |  2.7

Action                   |  1- 3 |  4- 6 || total
-------------------------+-------+-------++-------
Melee: Hand axe          |   145 |   190 ||   335
       War axe           |       |    20 ||    20
Throw: Tomahawk          |     5 |       ||     5
 Cast: Shroud of Golubri |       |     8 ||     8
  Use: Scroll            |       |     2 ||     2
 Stab: Sleeping          |       |     1 ||     1
  Eat: Chunk             |     2 |     7 ||     9
       Ration            |       |     1 ||     1
Armor: Leather armour    |    21 |    27 ||    48
       Chain mail        |    72 |    38 ||   110
Dodge: Dodged            |    72 |   122 ||   194
Block: Buckler           |       |    18 ||    18
